 Dungeon Crawl Stone Soup version 0.30.0-5-g1a98f26d00 (webtiles) character file.

Game seed: 17873613049518235208

3971 hawla the Twirler (level 10, -2/69 (77) HPs)
             Began as a Meteoran Fire Elementalist on May 12, 2023.
             Was a Follower of Vehumet.
             Slain by a wight
             ... wielding a +0 spear
              (6 damage)
             ... on level 8 of the Dungeon.
             The game lasted 00:23:20 (4821 turns).

hawla the Twirler (Meteoran Fire Elementalist)      Turns: 4821, Time: 00:23:21

HP:   -2/69 (77)    AC:  7    Str: 13    XL:     10   Next: 73%
MP:   9/22          EV: 15    Int: 22    God:    Vehumet [*.....]
Gold: 1366          SH:  0    Dex: 17    Spells: 9/23 levels left

rFire   . . .        A - +6 falchion of the Thirteen Friars {freeze, rC+ Str+2 Int+2 Dex+2}
rCold   + . .        (no shield)
rNeg    . . .        a - +2 robe
rPois   .            B - +1 hat
rElec   .            (no cloak)
rCorr   +            q - +1 pair of gloves
SInv    .            (no boots)
Will    +....        (no amulet)
Stlth   +            m - ring of wizardry
HPRegen 0.31/turn    r - ring of resist corrosion
MPRegen 0.18/turn

%: wizardry (x1)
@: about to teleport, glowing, heavily drained
A: sense surroundings 2, otherworldly, glowing, explore regen
a: Renounce Religion


You were on level 8 of the Dungeon.
You worshipped Vehumet.
Vehumet was aware of your devotion.
You visited 2 branches of the dungeon, and saw 9 of its levels.
You also visited: Ossuary and Bailey.

You collected 1366 gold pieces.

Inventory:

Hand Weapons
 e - a +0 quarterstaff
 A - the +6 falchion of the Thirteen Friars (weapon) {freeze, rC+ Str+2 Int+2 Dex+2}
   (You found it on level 7 of the Dungeon)

   Str:       It affects your strength (+2).
   Int:       It affects your intelligence (+2).
   Dex:       It affects your dexterity (+2).
   rC:        It protects you from cold.
Armour
 a - a +2 robe (worn)
 q - a +1 pair of gloves (worn)
 B - a +1 hat (worn)
Magical Staves
 s - a staff of earth
Jewellery
 l - a ring of protection from cold
 m - a ring of wizardry (left hand)
 r - a ring of resist corrosion (right hand)
Scrolls
 c - 2 scrolls of enchant weapon {unknown}
 j - 5 scrolls of identify
 k - a scroll of noise {unknown}
 t - a scroll of acquirement {unknown}
 u - 2 scrolls of butterflies {unknown}
 x - 2 scrolls of poison {unknown}
 y - a scroll of vulnerability {unknown}
 z - 2 scrolls of enchant armour
 C - a scroll of amnesia {unknown}
 E - a scroll of magic mapping
Potions
 b - 4 potions of flight
 d - 2 potions of might
 f - 3 potions of heal wounds
 g - a potion of haste
 h - a potion of ambrosia
 i - a potion of resistance
 n - 4 potions of lignification
 o - 4 potions of mutation {unknown}
 p - a potion of berserk rage
 v - 3 potions of curing {unknown}
 D - 2 potions of attraction {unknown}
 F - a potion of degeneration {unknown}
 G - a potion of brilliance {unknown}


   Skills:
 + Level 3.6 Fighting
 + Level 4.5 Long Blades
 + Level 7.5 Staves
 + Level 5.4 Dodging
 - Level 1.4 Stealth
 + Level 7.4 Spellcasting
 + Level 6.0 Conjurations
 + Level 3.2 Necromancy
 + Level 7.0 Fire Magic
 + Level 3.0 Earth Magic
 + Level 4.0 Poison Magic
 + Level 3.0 Evocations


You had 9 spell levels left.
You knew the following spells:

 Your Spells              Type           Power      Damage    Failure   Level
a - Foxfire               Conj/Fire      100%       2x1d9     1%          1
b - Scorch                Fire           78%        2d8       1%          2
c - Flame Wave            Conj/Fire      36%        2d10      2%          4
d - Vampiric Draining     Necr           22%        2d7       2%          3
e - Olgreb's Toxic Radia  Pois           26%        N/A       6%          4

Your spell library contained the following spells:

 Spells                   Type           Power      Damage    Failure   Level
 Sandblast                Erth           42%        2d11      1%          1
 Necrotise                Necr           88%        1d8       1%          1
 Sting                    Tmut/Pois      68%        1d6       1%          1
 Poisonous Vapours        Pois/Air       34%        N/A       2%          2
 Hailstorm                Conj/Ice       21%        3d6       2%          3
 Inner Flame              Hex/Fire       23%        N/A       2%          3
 Volatile Blastmotes      Fire/Tloc      46%        2d13      2%          3
 Freeze                   Ice            32%        1d5       3%          1
 Blink                    Tloc           16%        N/A       4%          2
 Frozen Ramparts          Ice            16%        1d3       10%         3
 Agony                    Necr           22%        N/A       22%         5
 Manifold Assault         Tloc           8%         N/A       30%         4
 Storm Form               Tmut/Air       4%         N/A       100%        7


Dungeon Overview and Level Annotations

Branches:
Dungeon (8/15) Zot: 681    Temple (1/1) D:6 Zot: 491 Ossuary (visited)
 Bailey (visited)
   Lair: D:8-11

Altars:
Ashenzari
Cheibriados
Dithmenos
Elyvilon
Fedhas
Gozag
Hepliaklqana
Kikubaaqudgha
Makhleb
Nemelex Xobeh
Okawaru
Qazlal
Ru
Sif Muna
Trog
Uskayaw
Vehumet
Wu Jian
Xom
Yredelemnul
Zin


Innate Abilities, Weirdness & Mutations

You passively map the area around you.
You are easily found by Zot.
You glow in the dark.
You regain HP and MP as you explore.


Message History

The wight is heavily damaged.
You finish channelling waves of flame.
The wight hits you with a +2 great sword of freezing!
The wight freezes you.
The wight hits you from afar with a +0 spear.
* * * LOW HITPOINT WARNING * * *
Your Fire Magic skill increases to level 7!
Casting: Flame Wave (dangerous; 2% risk of failure)
Confirm with . or Enter, or press ? or * to list all spells.
Aiming: Vampiric Draining (mildly dangerous; 2% risk of failure)
Press: ? - help, Shift-Dir - straight line, f - troll
Aim: a troll (heavily wounded)
You draw life force from the troll.
You feel life coursing into your body. The troll barely misses you.
The troll misses you. x2
The wight closely misses you. The wight misses you.
Unknown command.
Casting: Vampiric Draining (mildly dangerous; 2% risk of failure)
Confirm with . or Enter, or press ? or * to list all spells.
Aiming: Vampiric Draining (mildly dangerous; 2% risk of failure)
Press: ? - help, Shift-Dir - straight line, f/p - troll
Aim: a troll (severely wounded)
You draw life force from the troll.
You feel life coursing into your body. The troll bites you.
* * * LOW HITPOINT WARNING * * *
The troll closely misses you. The troll claws you.
* * * LOW HITPOINT WARNING * * *
The wight barely misses you.
The wight hits you from afar with a +0 spear.
* * * LOW HITPOINT WARNING * * *
As you read the scroll of teleportation, it crumbles to dust.
You feel strangely unstable. The troll barely misses you. x2
The troll claws you but does no damage.
The wight hits you with a +2 great sword of freezing.
* * * LOW HITPOINT WARNING * * *
You feel drained.
* * * LOW HITPOINT WARNING * * *
The wight freezes you.
* * * LOW HITPOINT WARNING * * *
The wight hits you from afar with a +0 spear.
You die...

.........# *,,,,,,,,,**
#. ......†..#
#..........* #.
.........# #..........*
#. .........##
#..........* #.
..........## *....z.....*
#.
...........##*#..5.....#*
#.
.......>....###...z...#*
#.
..........#..##.zT)..#*
## ..........##..#.@...#*
..........###..#...##
..........# ##..####
.......#### #### ########


You could see a troll, 3 wights and a white imp.

Vanquished Creatures
  A steam dragon (D:4)
  2 sky beasts
  5 orc warriors
  3 black bears
  2 ogres
  2 phantoms
  4 centaurs
  A kobold brigand (D:6)
  4 bullfrogs
  12 scorpions
  2 wights (D:8)
  3 killer bees (D:8)
  2 electric eels (D:6)
  3 centaur zombies (Ossuary)
  3 hounds
  2 human zombies (Ossuary)
  2 orc priests
  A sleepcap (D:4)
  7 iguanas
  2 orc wizards
  2 scorpion zombies (Ossuary)
  3 mummies (Ossuary)
  5 adders
  4 gnolls
  3 shadow imps
  3 white imps
  3 ufetubi
  2 worms
  9 dart slugs
  28 orcs
  4 bats
  An endoplasm (D:4)
  2 giant cockroaches
  12 goblins
  7 hobgoblins
  4 quokkas
  2 ball pythons
  4 frilled lizards
  2 goblin zombies (Ossuary)
  A hobgoblin zombie (Ossuary)
  25 kobolds
  3 kobold zombies (Ossuary)
  3 orc zombies (Ossuary)
  2 rats
197 creatures vanquished.

Vanquished Creatures (collateral kills)
  A foxfire (D:7)
1 creature vanquished.

Vanquished Creatures (others)
  339 foxfires
339 creatures vanquished.

Grand Total: 537 creatures vanquished

Notes
Turn   | Place    | Note
-------+----------+-------------------------------------------
     0 | D:1      | hawla the Meteoran Fire Elementalist began the quest for
                  | the Orb.
     0 | D:1      | Reached XP level 1. HP: 14/14 MP: 5/5
    70 | D:1      | Reached XP level 2. HP: 20/20 MP: 3/6
   174 | D:2      | Found a hazy altar of Hepliaklqana.
   227 | D:2      | Reached XP level 3. HP: 27/27 MP: 5/8
   302 | D:2      | Reached XP level 4. HP: 6/34 MP: 5/9
   305 | D:2      | Learned a level 2 spell: Scorch
   329 | D:2      | Reached skill level 1 in Fighting
   334 | D:2      | Learned a level 4 spell: Flame Wave
   395 | D:3      | Reached XP level 5. HP: 40/40 MP: 3/10
   496 | D:3      | Reached XP level 6. HP: 26/47 MP: 0/11
   622 | D:4      | Found a blossoming altar of Fedhas.
   652 | D:4      | Reached skill level 1 in Staves
   750 | D:4      | Noticed a steam dragon
   757 | D:4      | Killed a steam dragon
   758 | D:4      | Reached XP level 7. HP: 52/52 MP: 3/12
   829 | D:4      | Reached skill level 5 in Staves
  1001 | D:4      | Learned a level 3 spell: Vampiric Draining
  1151 | D:5      | Entered Level 5 of the Dungeon
  1158 | D:5      | Reached skill level 1 in Necromancy
  1158 | D:5      | Reached XP level 8. HP: 8/59 MP: 0/13
  1190 | D:5      | Reached skill level 5 in Fire Magic
  1221 | D:5      | Reached skill level 5 in Conjurations
  1546 | D:5      | Found a bloodstained altar of Trog.
  1673 | D:5      | Found a white marble altar of Elyvilon.
  1995 | D:6      | Gained mutation: You passively map the area around you.
                  | [Meteoran growth]
  1995 | D:6      | Reached XP level 9. HP: 67/67 MP: 13/16
  2031 | D:6      | Reached skill level 1 in Earth Magic
  2031 | D:6      | Reached skill level 1 in Evocations
  2033 | D:6      | Found a shimmering altar of Xom.
  2034 | D:6      | Found a shimmering altar of Xom.
  2036 | D:6      | Found a shimmering altar of Xom.
  2043 | D:6      | Found a shimmering altar of Xom.
  2044 | D:6      | Found a shimmering altar of Xom.
  2045 | D:6      | Found a shimmering altar of Xom.
  2048 | D:6      | Found a shimmering altar of Xom.
  2049 | D:6      | Found a shimmering altar of Xom.
  2072 | D:6      | Found a shimmering altar of Xom.
  2129 | D:6      | Found a basalt altar of Yredelemnul.
  2240 | D:6      | Reached skill level 5 in Spellcasting
  2679 | D:6      | Found a staircase to the Ecumenical Temple.
  3061 | D:7      | Identified the +6 falchion of the Thirteen Friars {freeze,
                  | rC+ Str+2 Int+2 Dex+2}
  3136 | D:7      | Reached XP level 10. HP: 61/74 MP: 15/20
  3145 | D:7      | Learned a level 4 spell: Olgreb's Toxic Radiance
  3201 | D:7      | Found a flagged portal.
  3206 | Bailey   | Entered a bailey
  3308 | Bailey   | Reached skill level 1 in Long Blades
  3665 | Temple   | Entered the Ecumenical Temple
  3761 | Temple   | Became a worshipper of Vehumet
  3955 | D:8      | Found a shimmering blue altar of Sif Muna.
  4115 | D:8      | Found a sand-covered staircase.
  4130 | Ossuary  | Entered an ossuary
  4257 | Ossuary  | Reached * piety under Vehumet
  4257 | Ossuary  | Offered knowledge of Sandblast by Vehumet.
  4261 | Ossuary  | Reached skill level 5 in Dodging
  4730 | D:8      | Found a snail-covered altar of Cheibriados.
  4821 | D:8      | Slain by a wight

Illustrated notes

Levels and vault maps discovered:
D:1:      mrwooster_arrival_arrow, layout_loops_cross, minmay_split_cup_large
D:2:      layout_loops_ring, basic_altar, serial_shops, shop
D:3:      layout_rooms
D:4:      nicolae_cairo_tiling_very_big, layout_gridville, fedhas_altar_3
D:5:      layout_layer_cave, mainiacjoe_overflow_large_starburst
D:6:      kennysheep_slugbush, layout_layer_cave, xom_redecorated,
          yredelemnul_altar_generic, minmay_temple_entry_crystal_x,
          dreamdust_wishing_well, amcnicky_mini_pool_medium
D:7:      layout_rooms, enter_bailey_3, serial_park_tiny_2, corner_web_ring
D:8:      layout_cave_pods, slow_altar_2, mainiacjoe_overflow_six_doors_small,
          chequers_ossuary_entry_cave
Temple:   nicolae_temple_great_sept

Skill      XL: |  1  2  3  4  5  6  7  8  9 10 |
---------------+-------------------------------+-----
Fire Magic     | 4 5 6 7 |  7.0
Dodging        | 3 5 |  5.4
Spellcasting   | 3 4 6 7 |  7.4
Fighting       | 1 2 3 |  3.6
Conjurations   | 3 4 5 6 |  6.0
Staves         | 4 6 7 |  7.5
Necromancy     | 1 2 3 |  3.2
Earth Magic    | 3 |  3.0
Evocations     | 3 |  3.0
Poison Magic   | 4 |  4.0
Long Blades    | 4 |  4.5
Stealth        | |  1.4

Action                     |  1- 3 |  4- 6 |  7- 9 | 10-12 || total
---------------------------+-------+-------+-------+-------++-------
  Melee: Unarmed           |    15 |       |       |       ||    15
         Quarterstaff      |    14 |     6 |    25 |       ||    45
         Staff             |       |       |    16 |       ||    16
         Falchion          |       |       |       |    38 ||    38
         Punch             |       |       |       |     1 ||     1
   Cast: Foxfire           |    21 |    39 |    84 |    55 ||   199
         Scorch            |       |    10 |    44 |    23 ||    77
         Flame Wave        |       |     1 |     6 |    12 ||    19
         Vampiric Draining |       |       |     8 |     7 ||    15
         Olgreb's Toxic Ra |       |       |       |     6 ||     6
    Use: Potion            |       |       |     1 |     1 ||     2
         Scroll            |       |       |       |    15 ||    15
 Armour: Robe              |    13 |       |     9 |    23 ||    45
  Dodge: Dodged            |    20 |     8 |    44 |    69 ||   141
